TOP OF THE 1ST |
---|
Maui Tropics batting - Pitching for Philadelphia Athletics : RHP George Nelson | Pitching: RHP George Nelson | | Batting: LHB Ernesto López | 0-0: Called Strike 0-1: Ball 1-1: SINGLE (Line Drive, 8LS) | Batting: LHB Dave Cook | 0-0: Ball 1-0: Ball 2-0: Called Strike 2-1: Ball 3-1: Called Strike 3-2: SINGLE (Line Drive, 6M) Ernesto López to second | Batting: RHB Jesús Espinoza | 0-0: Called Strike Ernesto López is caught stealing 3rd base 0-1: Ball 1-1: Ball 2-1: Foul Ball, location: 2F 2-2: Ball 3-2: Foul Ball, location: 2F 3-2: Fly out, F9 (Flyball, 89M) | Batting: RHB Luis Alou | 0-0: Foul Ball, location: 2F 0-1: Ball 1-1: Ball 2-1: Ball 3-1: SINGLE (Groundball, 3D) Dave Cook to second Runner from 2nd tries for 3rd, SAFE, no throw | Batting: LHB José Rivas | 0-0: Ball 1-0: Ball 2-0: Ground out 4-3 (Groundball, 4) | Top of the 1st over - 0 runs, 3 hits, 0 errors, 2 left on base; Maui 0 - Philadelphia 0 | BOTTOM OF THE 1ST |
---|
Philadelphia Athletics batting - Pitching for Maui Tropics : RHP Steve Floyd | Pitching: RHP Steve Floyd | | Batting: RHB Eric Neal | 0-0: Ball 1-0: Ground out 6-3 (Groundball, 6) | Batting: LHB Robinson Fernández | 0-0: Ball 1-0: Ball 2-0: Ball 3-0: Called Strike 3-1: Base on Balls | Batting: SHB Martín De Jesús | 0-0: Ball 1-0: SINGLE (Line Drive, 8RS) Robinson Fernández to second | Batting: RHB Valentín Borges | 0-0: Called Strike 0-1: Foul Ball, location: 2F 0-2: SINGLE (Groundball, 3S) (infield hit) Robinson Fernández to third Martín De Jesús to second | Batting: LHB Arturo Molina | 0-0: Ball 1-0: Foul Ball, location: 2F 1-1: Ball 2-1: Ball 3-1: Base on Balls Robinson Fernández scores Martín De Jesús to third Valentín Borges to second | Batting: RHB Anastasio Villa | 0-0: Ball 1-0: Called Strike 1-1: Ball 2-1: Foul Ball, location: 2F 2-2: Strikes out looking | Batting: LHB Brian Boone | 0-0: Ball 1-0: Called Strike 1-1: Foul Ball, location: 2F 1-2: Fly out, F8 (Flyball, 8LS) | Bottom of the 1st over - 1 run, 2 hits, 0 errors, 3 left on base; Maui 0 - Philadelphia 1 | TOP OF THE 2ND |
---|
Maui Tropics batting - Pitching for Philadelphia Athletics : RHP George Nelson | Batting: RHB Michael Woodruff | 0-0: Ball 1-0: Swinging Strike 1-1: Ground out 4-3 (Groundball, 4) | Batting: RHB Matt Silver | 0-0: Ball 1-0: SINGLE (Groundball, 4MD) | Batting: RHB John Brown | 0-0: Ball 1-0: Called Strike 1-1: Ball 2-1: Ball 3-1: SINGLE (Groundball, 34) (infield hit) Matt Silver to second | Batting: LHB Don Hull | 0-0: Grounds into double play, 5-4-3 (Groundball, 56) | Top of the 2nd over - 0 runs, 2 hits, 0 errors, 1 left on base; Maui 0 - Philadelphia 1 | BOTTOM OF THE 2ND |
---|
Philadelphia Athletics batting - Pitching for Maui Tropics : RHP Steve Floyd | Batting: RHB Tomás Estrada | 0-0: Called Strike 0-1: Foul Ball, location: 2F 0-2: Ball 1-2: Strikes out swinging | Batting: SHB Héctor Padilla | 0-0: Ball 1-0: Ball 2-0: Foul Ball, location: 2F 2-1: Swinging Strike 2-2: Strikes out swinging | Batting: RHB Eric Neal | 0-0: Called Strike 0-1: Swinging Strike 0-2: Ball 1-2: Foul Ball, location: 2F 1-2: SINGLE (Groundball, 56D) | Batting: LHB Robinson Fernández | 0-0: Ball 1-0: Ball 2-0: Foul Ball, location: 2F 2-1: Ground out 5-3 (Groundball, 25) | Bottom of the 2nd over - 0 runs, 1 hit, 0 errors, 1 left on base; Maui 0 - Philadelphia 1 | TOP OF THE 3RD |
---|
Maui Tropics batting - Pitching for Philadelphia Athletics : RHP George Nelson | Batting: LHB Ernesto López | 0-0: Called Strike 0-1: Ball 1-1: Swinging Strike 1-2: SINGLE (Groundball, 4D) | Batting: LHB Dave Cook | 0-0: Ball 1-0: Swinging Strike 1-1: Swinging Strike 1-2: Ball 2-2: Ball 3-2: Fly out, F9 (Flyball, 9LS) | Batting: RHB Jesús Espinoza | 0-0: Ball 1-0: Ball 2-0: Called Strike 2-1: Fly out, F9 (Flyball, 9LS) | Batting: RHB Luis Alou | 0-0: Ball 1-0: Foul Ball, location: 2F 1-1: SINGLE (Line Drive, 78S) Ernesto López to second Runner from 2nd tries for 3rd, SAFE, throw made to third | Batting: LHB José Rivas | 0-0: Called Strike 0-1: Foul Ball, location: 2F 0-2: Ball 1-2: Strikes out swinging | Top of the 3rd over - 0 runs, 2 hits, 0 errors, 2 left on base; Maui 0 - Philadelphia 1 | BOTTOM OF THE 3RD |
---|
Philadelphia Athletics batting - Pitching for Maui Tropics : RHP Steve Floyd | Batting: SHB Martín De Jesús | 0-0: Ball 1-0: Foul Ball, location: 2F 1-1: SOLO HOME RUN (Flyball, 9D), Distance : 373 ft | Batting: RHB Valentín Borges | 0-0: Ball 1-0: Ball 2-0: Ball 3-0: Called Strike 3-1: TRIPLE (Line Drive, 7LD) | Batting: LHB Arturo Molina | 0-0: Called Strike 0-1: Ball 1-1: SINGLE (Groundball, 5D) Valentín Borges scores | Batting: RHB Anastasio Villa | 0-0: Called Strike 0-1: Grounds into double play, 6-4-3 (Groundball, 6) | Batting: LHB Brian Boone | 0-0: Called Strike 0-1: Called Strike 0-2: SINGLE (Line Drive, 78S) | Batting: RHB Tomás Estrada | 0-0: Foul Ball, location: 2F 0-1: Ball 1-1: Ball Brian Boone steals 2nd base 2-1: Called Strike Brian Boone steals 3rd base 2-2: Ball 3-2: Base on Balls | Batting: SHB Héctor Padilla | 0-0: Ball 1-0: Ground out 4-3 (Groundball, 4) | Bottom of the 3rd over - 2 runs, 4 hits, 0 errors, 2 left on base; Maui 0 - Philadelphia 3 | TOP OF THE 4TH |
---|
Maui Tropics batting - Pitching for Philadelphia Athletics : RHP George Nelson | Batting: RHB Michael Woodruff | 0-0: Ball 1-0: Ball 2-0: Ball 3-0: Base on Balls | Batting: RHB Matt Silver | 0-0: Called Strike 0-1: Ball 1-1: Fly out, F5 (Line Drive, 5S) | Batting: RHB John Brown | 0-0: Ground out 6-3 (Groundball, 6S) Michael Woodruff to second | Batting: LHB Don Hull | 0-0: Ball 1-0: Called Strike 1-1: Swinging Strike 1-2: Strikes out swinging | Top of the 4th over - 0 runs, 0 hits, 0 errors, 1 left on base; Maui 0 - Philadelphia 3 | BOTTOM OF THE 4TH |
---|
Philadelphia Athletics batting - Pitching for Maui Tropics : RHP Steve Floyd | Batting: RHB Eric Neal | 0-0: Called Strike 0-1: Ball 1-1: Ball 2-1: Foul Ball, location: 2F 2-2: Strikes out looking | Batting: LHB Robinson Fernández | 0-0: Ground out 6-3 (Groundball, 6M) | Batting: SHB Martín De Jesús | 0-0: Called Strike 0-1: SINGLE (Groundball, 56) (infield hit) | Batting: RHB Valentín Borges | 0-0: Ball Martín De Jesús is caught stealing 2nd base | Bottom of the 4th over - 0 runs, 1 hit, 0 errors, 0 left on base; Maui 0 - Philadelphia 3 | TOP OF THE 5TH |
---|
Maui Tropics batting - Pitching for Philadelphia Athletics : RHP George Nelson | Batting: LHB Ernesto López | 0-0: Ball 1-0: Ground out 5-3 (Groundball, 5L) | Batting: LHB Dave Cook | 0-0: Ball 1-0: Ground out 4-3 (Groundball, 4M) | Batting: RHB Jesús Espinoza | 0-0: Swinging Strike 0-1: Ball 1-1: Foul Ball, location: 2F 1-2: Ball 2-2: Ball 3-2: SINGLE (Groundball, 56D) | Batting: RHB Luis Alou | 0-0: Ball 1-0: Fielders Choice at 2nd, 5-4 (Groundball, 56) | Top of the 5th over - 0 runs, 1 hit, 0 errors, 1 left on base; Maui 0 - Philadelphia 3 | BOTTOM OF THE 5TH |
---|
Philadelphia Athletics batting - Pitching for Maui Tropics : RHP Steve Floyd | Batting: RHB Valentín Borges | 0-0: Ball 1-0: Ball 2-0: Called Strike 2-1: Ball 3-1: Swinging Strike 3-2: Foul Ball, location: 2F 3-2: Ground out 4-3 (Groundball, 34) | Batting: LHB Arturo Molina | 0-0: Foul Ball, location: 2F 0-1: Ball 1-1: Ground out 1-3 (Groundball, 15S) | Batting: RHB Anastasio Villa | 0-0: Foul Ball, location: 2F 0-1: Foul Ball, location: 2F 0-2: Strikes out looking | Bottom of the 5th over - 0 runs, 0 hits, 0 errors, 0 left on base; Maui 0 - Philadelphia 3 | TOP OF THE 6TH |
---|
Maui Tropics batting - Pitching for Philadelphia Athletics : RHP George Nelson | Batting: LHB José Rivas | 0-0: DOUBLE (Line Drive, 7LM) | Batting: RHB Michael Woodruff | 0-0: DOUBLE (Groundball, 3L) José Rivas scores | Batting: RHB Matt Silver | 0-0: Ground out 5-3 (Groundball, 5S) Michael Woodruff to third | Batting: RHB John Brown | 0-0: Called Strike 0-1: Ball 1-1: Ball 2-1: Reached on error, E5 (Groundball, 5L) Michael Woodruff scores | Batting: LHB Don Hull | 0-0: Fly out, F7 (Line Drive, 7S) | Batting: LHB Ernesto López | 0-0: Foul Ball, location: 2F 0-1: Ground out 6-3 (Groundball, 6MS) | Top of the 6th over - 2 runs, 2 hits, 1 error, 1 left on base; Maui 2 - Philadelphia 3 | BOTTOM OF THE 6TH |
---|
Philadelphia Athletics batting - Pitching for Maui Tropics : RHP Steve Floyd | Pitching: RHP Manny Benavides | | Batting: LHB Brian Boone | 0-0: Ball 1-0: Foul Ball, location: 2F 1-1: Ball 2-1: Ball 3-1: Foul Ball, location: 2F 3-2: SINGLE (Groundball, 6S) (infield hit) | Batting: RHB Tomás Estrada | 0-0: Ball 1-0: Foul Ball, location: 2F 1-1: Called Strike Pickoff Throw to First - Error! E1 Brian Boone to second 1-2: Fly out, F7 (Flyball, 78M) | Batting: SHB Héctor Padilla | 0-0: Foul Ball, location: 2F 0-1: Fly out, F8 (Flyball, 8LXD) Runner from 2nd tags up, SAFE at 3rd, no throw | Batting: RHB Eric Neal | 0-0: Ball 1-0: Ball 2-0: Called Strike 2-1: Foul Ball, location: 2F 2-2: Ball 3-2: Base on Balls | Batting: LHB Robinson Fernández | 0-0: Ball 1-0: SINGLE (Groundball, 6MD) Brian Boone scores Eric Neal to second Throwing error, E8 Eric Neal scores Robinson Fernández to second | Batting: SHB Martín De Jesús | 0-0: Ball 1-0: Called Strike 1-1: Ball 2-1: Ball 3-1: Called Strike 3-2: Ground out 4-3 (Groundball, 4) | Bottom of the 6th over - 2 runs, 2 hits, 2 errors, 1 left on base; Maui 2 - Philadelphia 5 | TOP OF THE 7TH |
---|
Maui Tropics batting - Pitching for Philadelphia Athletics : RHP George Nelson | Batting: LHB Dave Cook | 0-0: Ball 1-0: Ball 2-0: Ball 3-0: Called Strike 3-1: Fly out, F8 (Flyball, 8LM) | Batting: RHB Jesús Espinoza | 0-0: Ball 1-0: Ball 2-0: Ball 3-0: Base on Balls | Pitching: RHP Rodrigo Aguilar | | Batting: RHB Luis Alou | 0-0: Fly out, F8 (Flyball, 8RD) | Pitching: LHP Mario Tobías | | Batting: LHB José Rivas | 0-0: Ground out 4-3 (Groundball, 4) | Top of the 7th over - 0 runs, 0 hits, 0 errors, 1 left on base; Maui 2 - Philadelphia 5 | BOTTOM OF THE 7TH |
---|
Philadelphia Athletics batting - Pitching for Maui Tropics : RHP Manny Benavides | Pitching: RHP David Bailey | | Batting: RHB Valentín Borges | 0-0: Ball 1-0: Called Strike 1-1: Ground out 6-3 (Groundball, 6) | Batting: LHB Arturo Molina | 0-0: Foul Ball, location: 2F 0-1: Ball 1-1: Ball 2-1: SINGLE (Line Drive, 56D) | Batting: RHB Anastasio Villa | 0-0: SINGLE (Groundball, 56D) Arturo Molina to second | Batting: LHB Brian Boone | 0-0: Called Strike 0-1: Ball 1-1: Foul Ball, location: 2F 1-2: Ball 2-2: Fly out, F8 (Flyball, 8LD) | Batting: RHB Tomás Estrada | 0-0: Swinging Strike 0-1: Ball 1-1: Ground out U3 (Groundball, 34) | Bottom of the 7th over - 0 runs, 2 hits, 0 errors, 2 left on base; Maui 2 - Philadelphia 5 | TOP OF THE 8TH |
---|
Maui Tropics batting - Pitching for Philadelphia Athletics : LHP Mario Tobías | Pitching: RHP Ernesto Beltrán | | Batting: RHB Michael Woodruff | 0-0: Called Strike 0-1: Swinging Strike 0-2: Ball 1-2: Foul Ball, location: 2F 1-2: Ball 2-2: Ball 3-2: Foul Ball, location: 2F 3-2: Base on Balls | Batting: RHB Matt Silver | 0-0: Called Strike 0-1: Called Strike 0-2: Ball 1-2: Ball 2-2: Foul Ball, location: 2F 2-2: Ball 3-2: Foul Ball, location: 2F 3-2: Ground out 5-3 (Groundball, 56S) Michael Woodruff to second | Batting: RHB John Brown | 0-0: Ball 1-0: Foul Ball, location: 2F 1-1: Foul Ball, location: 2F 1-2: Fly out, F9 (Line Drive, 89M) | Batting: LHB Don Hull | 0-0: Ball 1-0: Ball 2-0: Ball 3-0: Called Strike 3-1: Foul Ball, location: 2F 3-2: Fly out, F7 (Flyball, 7) | Top of the 8th over - 0 runs, 0 hits, 0 errors, 1 left on base; Maui 2 - Philadelphia 5 | BOTTOM OF THE 8TH |
---|
Philadelphia Athletics batting - Pitching for Maui Tropics : RHP David Bailey | Batting: SHB Héctor Padilla | 0-0: Ground out 4-3 (Groundball, 4M) | Batting: RHB Eric Neal | 0-0: Called Strike 0-1: Foul Ball, location: 2F 0-2: Fly out, F8 (Flyball, 78XD) | Batting: LHB Robinson Fernández | 0-0: Ground out 6-3 (Groundball, 56D) | Bottom of the 8th over - 0 runs, 0 hits, 0 errors, 0 left on base; Maui 2 - Philadelphia 5 | TOP OF THE 9TH |
---|
Maui Tropics batting - Pitching for Philadelphia Athletics : RHP Ernesto Beltrán | Pitching: RHP Esteban Juárez | | Batting: LHB Ernesto López | 0-0: Fly out, F9 (Flyball, 9LS) | Batting: LHB Dave Cook | 0-0: Called Strike 0-1: SINGLE (Line Drive, 8RS) | Batting: RHB Jesús Espinoza | 0-0: Called Strike 0-1: Ball 1-1: Called Strike 1-2: Fly out, F7 (Flyball, 78D) | Batting: RHB Luis Alou | 0-0: Ball 1-0: Fly out, F7 (Flyball, 7D) | Top of the 9th over - 0 runs, 1 hit, 0 errors, 1 left on base; Maui 2 - Philadelphia 5 | |